Workbook

Sheet Intro
A1: 0. Introduction | G1: Needs revision
A3: Q no | B3: Question | C3: Options | D3: Code | G3: Question (Arabic) | H3: Options (Arabic) | I3: Code (Arabic) | J3: Skip | K3: Constraint
B5: Hello, my name is [name enumerator/operator]. I am calling on behalf of the World Bank. The World Bank is conducting nationwide phone surveys in Sudan to learn about the impact of the current crisis on well-being of the population. If you agree to participate in this survey, we will ask you some questions about your household and food security, as well as your work and income opportunities. Your participation in this survey is voluntary. Each survey will take maximum 15-20 minutes of your time. All your answers will remain confidential. We would like to speak with the main income earner in the household, or the spouse of the main income earner. If this is not you and they are available to speak with me, can you pass the phone to them or give me their phone number? | G5: مرحبًا ، اسمي [اسم الباحث/عامل المُشَغِّل]. أنا أتصل بك نيابة عن البنك الدولي. يجري البنك الدولي مسح عن طريق الهاتف يشمل معظم انحاء السودان للتعرف على وضع الأمن الغذائي للاسر السودانية و سبل العيش. ونتمنى منك مشاركتنا هذا المسح الهام والذي لن يستغرق الكثير من الوقت حوالي 15-20 دقيقة تقريبا كحد اقصى. سنطرح عليك بعض الاسئلة العامة عن وضع الاسرة والأمن الغذائي بالإضافة الى بعض الاسئله عن عمل رب الأسرة و مصادر الدخل المتوفرة. مشاركتك في هذا المسح اختياريه، وستبقة جميع اجاباتك سرية للغاية . نود ان نتحدث مع المعيل الرئيسي للأسره او زوج\ زوجة المعيل الرئيسي. (في حال لم يكن المعيل الرئيسي) هل من الممكن ان اتحدث مع المعيل الرئيسي أو اعطائي رقم هاتفة للتواصل معه.

Sheet Demographic characteristics
B1: 1. Demographic characteristics | E1: Needs revision | G1: =COUNT(B6:B59) -> 11
B3: Q no | C3: Question | D3: Options | E3: Code | H3: Question (Arabic) | I3: Options (Arabic) | J3: Code (Arabic) | K3: Skip | L3: Constraint
B6: 101 | C6: What is your year of birth? | E6: Year | H6: ما هي سنة ميلادك؟ | J6: السنة | K6: If after 2005 (less than 18 years, end survey)
B7: 101_1 | C7: Is there another adult in the household that I can speak to? [Ask If respondent at Q101 is below 18 years old. If no adult available at the moment, call back] | D7: Yes | E7: 1 | H7: هل يوجد شخص بالغ آخر في المنزل يمكنني التحدث إليه؟ | I7: نعم | J7: 1
D8: No | E8: 2 | I8: لا | J8: 2 | K8: إذا كانت بعد 2005 (أقل من 18 عامًا ، يتم انهاء المسح)
B9: =B6+1 -> 102 | C9: Gender RECORD WITHOUT ASKING | D9: Male | E9: 1 | H9: الجنس سجل دون أن تسأل | I9: ذكر | J9: 1
D10: Female | E10: 2 | I10: أنثى | J10: 2
B12: =B9+1 -> 103 | C12: What is your country of citizenship? | D12: Sudan | E12: 1
D13: South Sudan | E13: 2
D14: Somalia | E14: 3
D15: Eritrea | E15: 4
D16: Yemen | E16: 5
D17: Kenya | E17: 6
D18: Ethiopia | E18: 7
D19: Other country (Specify) | E19: 9
B21: =B12+1 -> 104 | C21: Would you describe the area that you live in as a city, a semi-urban area, or rural area? | D21: Urban | E21: 1 | H21: هل تصف المنطقة التي تعيش فيها بأنها مدينة بها أكثر من 2500 شخص ، أم أنها منطقة ريفية بها أقل من 2500 شخص؟ | I21: حضرية | J21: 1
D22: Semi urban | E22: 2 | I22: شبة حضريه | J22: 2
D23: Rural | E23: 3 | I23: ريفية | J23: 3
D24: Not sure | E24: 4 | I24: مناطق نائية | J24: 4
B26: =B21+1 -> 105 | C26: In which state do you currently live? | D26: Codes provided separately | H26: في اي ولاية تعيش اسرتك معظم الوقت خلال الثلاث الاشهر الاخيرة؟ | I26: يتم توفيرالرموز بصورة منفصلة
B28: =B26+1 -> 106 | C28: In which locality do you currently live? | D28: Codes provided separately | H28: في أي محلية تعيش أسرتك معظم الوقت خلال الثلاث الاشهر الأخيرة؟ | I28: يتم توفيرالرموز بصورة منفصلة
B30: =B28+1 -> 107 | C30: What is your highest level of completed education? | D30: No school, cannot read or write | E30: 1 | H30: ما هو أعلى مستوى تحصيل علمي لك؟ | I30: لم أذهب الى المدرسة، لا أستطيع القراءة أو الكتابة | J30: 1
D31: No school, can read and write | E31: =E30+1 -> 2 | I31: لم أذهب الى المدرسة، يمكنني القراءة والكتابة | J31: =J30+1 -> 2
D32: Completed part of first level (part of elementary school) | E32: =E31+1 -> 3 | I32: أكملت جزءا من المستوى الأول (جزءا من المدرسة الابتدائية) | J32: =J31+1 -> 3
D33: Completed elementary | E33: =E32+1 -> 4 | I33: أكملت المرحلة الابتدائية 1-6 | J33: =J32+1 -> 4
D34: Pre-high school diploma | E34: =E33+1 -> 5 | I34: المرحلة الاعدادية 7-9 | J34: =J33+1 -> 5
D35: General high school and equivalent | E35: =E34+1 -> 6 | I35: الثانوية العامة وما يعادلها 10-12 | J35: =J34+1 -> 6
D36: Post high school diploma | E36: =E35+1 -> 7 | I36: دبلوم ما بعد المدرسة الثانوية | J36: =J35+1 -> 7
D37: Bachelor degree/license/or higher | E37: =E36+1 -> 8 | I37: درجة البكالوريوس/شهادة/أو أعلى | J37: =J36+1 -> 8
D38: Other | E38: =E37+1 -> 9 | I38: غير ذلك | J38: =J37+1 -> 9
B40: =B30+1 -> 108 | C40: How many members have been living in the household for at least the past 3 months? A household is defined by all the people who sleep under the same roof and share meals/expenses together for at least 15 days a month. | E40: Household members | H40: كم عدد أفراد الأسرة الذين يعيشون في الأسرة منذ 3 أشهر على الأقل؟ تعرف الأسرة بجميع الأفراد الذين ينامون تحت سقف واحد ويتشاركون الوجبات / النفقات معًا لمدة 15 يوما على الأقل في الشهر. | J40: أفراد أسرة
B42: =B40+1 -> 109 | C42: Of your household members, how many are children less than 15 years old? | E42: Household members | H42: من بين أفراد أسرتك ، كم عدد الأطفال الذين تقل أعمارهم عن 15 عامًا؟ | J42: أفراد أسرة | L42: =CONCATENATE("=< Q", B40) -> =< Q108
B43: =B42+1 -> 110 | C43: What is your relationship to the head of household | D43: I am the head (or joint head) of the household | E43: 1 | H43: ما هي علاقتك برب الأسرة؟ | I43: أنا رب الأسرة (أو رب الأسرة المشترك) | J43: 1
D44: Spouse of household head | E44: 2 | I44: زوج \ زوجة رب الأسرة | J44: 2
D45: Son or daughter of household head | E45: 3 | I45: ابن أو ابنة رب الأسرة | J45: 3
D46: Son or daughter in law of household head | E46: 4 | I46: زوج ابنة أو زوجة ابن رب الأسرة | J46: 4
D47: Parent of household head | E47: 5 | I47: والد رب الأسرة | J47: 5
D48: Brother or sister of household head | E48: 6 | I48: أخ أو أخت رب الأسرة | J48: 6
D49: Other relative of household head | E49: 7 | I49: قريب آخر لرب الأسرة | J49: 7
D50: Not directly related to household head, specify | E50: 8 | I50: لا تربطني علاقة مباشرة برب الأسرة، اذكر | J50: 8
B51: =B43+1 -> 111 | C51: What is your relationship to the main breadwinner of household? | D51: I am the breadwinner (or joint head) of the household | E51: 1 | H51: ما هي علاقتك بالمعيل الرئيسي أو رب الأسرة؟ | I51: أنا معيل \رب الأسرة (أو رب الأسرة المشترك) | J51: 1
D52: Spouse of household breadwinner | E52: 2 | I52: زوج \ زوجة معيل أو رب الأسرة | J52: 2
D53: Son or daughter of household breadwinner | E53: 3 | I53: ابن أو ابنة معيل او رب الأسرة | J53: 3
D54: Son or daughter in law of breadwinner | E54: 4 | I54: زوج ابنة أو زوجة ابن معيل أو رب الأسرة | J54: 4
D55: Parent of breadwinner | E55: 5 | I55: والد معيل \رب الأسرة | J55: 5
D56: Brother or sister of breadwinner | E56: 6 | I56: أخ أو أخت معيل \رب الأسرة | J56: 6
D57: Other relative of breadwinner | E57: 7 | I57: قريب آخر لرب الأسرة | J57: 7
D58: Not directly related to breadwinner, specify | E58: 8 | I58: لا تربطني علاقة مباشرة برب الأسرة، اذكر | J58: 8

Sheet Displacement
B1: 2. Displacement | D1: =(212-202) -> 10 | E1: =5 -> 5 | F1: =3 -> 3 | G1: =COUNT(B5:B84) -> 14
A3: Relevance | B3: Q no | C3: Questions | D3: Options | E3: Code | F3: Code (Arabic) | G3: Options (Arabic) | H3: Questions (Arabic) | I3: Skip | J3: Constraint
B5: 201 | C5: Is your household currently staying …? If household has stayed in multiple places, more than one response possible | D5: In a displacement camp | E5: 1 | H5: في مخيم للنازحين | I5: "هل بقيت أسرتك أو أنها تقيم حاليًا ...؟ إذا بقيت الأسرة في أماكن متعددة، فمن الممكن الحصول على أكثر من رد"
D6: With close family | E6: 2 | H6: مع العائلة
D7: With far relatives | E7: 3 | H7: مع أقارب بعيدين
D8: With friends | E8: 4 | H8: مع الأصدقاء
D9: In a rented a place | E9: 5 | H9: استأجرت مكانًا
D10: In your original home as before April 2023 | E10: 6
D11: With strangers
D12: Other (specify) | E12: 4 | H12: أخرى (حدد)
B14: =B5+1 -> 202 | C14: Has your household EVER moved from your house since the start of the conflict (since 2023)? | D14: Yes, we have moved at least once | E14: 1 | G14: نعم ، انتقل جميع أفراد الأسرة في وقت ما | H14: هل انتقلت أسرتك من منزلك منذ بداية الصراع (منذ 2023)؟ ملاحظة للباحث ، يرجى التأكد من تحديد "لا" إذا قال المستجيب "ليس كل افراد الاسرة ولكن البعض" | I14: =CONCATENATE("Skip to Q",B30) -> Skip to Q204
D15: Not all of us, but some have moved | E15: 2 | I15: =CONCATENATE("Skip to Q",B19) -> Skip to Q203
D16: No, we have been living here before the conflict | E16: 3 | G16: لا، نحن هنا منذ ما قبل الصراع | I16: =CONCATENATE("Skip to Q",#REF!) -> #REF!
D17: Refuse to answer | E17: 4 | G17: رفض الإجابة
A19: =CONCATENATE("If Q",B14,"=2") -> If Q202=2 | B19: =B14+1 -> 203 | C19: What was the reason that the household members had to move? Select all that apply (ANY MOVE) | D19: For Studying | E19: 1 | G19: للدراسة | H19: ما هو سبب اضطرار بعض أفراد أسرتك إلى الانتقال؟ اختر كل ما ينطبق
D20: For Work | E20: 2 | G20: للعمل
D21: For Marriage | E21: 3 | G21: للزواج
D22: Separation of the household | E22: 4 | G22: انفصال الأسرة
D23: Because of conflict (bombardment, fighting, destruction of the house…) | E23: 5 | G23: مخاوف أمنية
D24: Floods | E24: 6 | G24: فيضانات
D25: Other natural disasters | E25: 7 | G25: الكوارث الطبيعية الأخرى
D26: Lack of food | E26: 8 | G26: نقص في الطعام
D27: Lack of water | E27: 9 | G27: نقص في المياه
D28: Other (Specify) | E28: 10 | G28: أخرى (يرجى التحديد)
B30: =B19+1 -> 204 | C30: What was the reason that your household had to move? Select all that apply (ANY MOVE) | D30: For Studying | E30: 1 | G30: للدراسة | H30: ما هو سبب اضطرار أسرتك إلى الانتقال؟ اختر كل ما ينطبق
D31: For Work | E31: 2 | G31: للعمل
D32: For Marriage | E32: 3 | G32: للزواج
D33: Separation of the household | E33: 4 | G33: انفصال الأسرة
D34: Because of conflict (bombardment, fighting, destruction of the house…) | E34: 5 | G34: بسبب الحروب (قصف، قتال، تدمير المنازل)
D35: Other natural disasters | E35: 7 | G35: الكوارث الطبيعية الأخرى
D36: Lack of food | E36: 8 | G36: نقص في الطعام
D37: Lack of water | E37: 9 | G37: نقص في المياه
D38: Other (Specify) | E38: 10 | G38: أخرى (يرجى التحديد)
A40: =CONCATENATE("If Q",B14,"=1,2") -> If Q202=1,2 | B40: =B30+1 -> 205 | C40: When did your household / house members move the first time? | D40: Year | E40: /_/_/_/_/ | G40: السنة | H40: متى انتقلت أسرتك؟ | J40: >=2014 & <=2023
D41: Month | E41: /_/_/
B43: =B40+1 -> 206 | C43: Has your household returned to your original district since moving the first time? | D43: Yes | E43: 1 | G43: نعم | H43: هل عادت أسرتك إلى منزلك الأصلي منذ الانتقال؟
A44: =CONCATENATE("If Q",B14,"=1") -> If Q202=1 | D44: No | E44: 2 | G44: لا | I44: =CONCATENATE("Skip to Q",#REF!) -> #REF!
B46: =B43+1 -> 207 | C46: Where were you living before your household's recent move? | E46: State | H46: عندما انتقلت أسرتك، أين كنت تعيش؟
A47: =CONCATENATE("If Q",B14,"=1") -> If Q202=1 | E47: District | F47: المنطقة
D48: Don't know | E48: 98 | G48: لا أعرف
D49: Refused to answer | E49: 99 | G49: أرفض الإجابة
A51: =CONCATENATE("If Q",B14,"=1") -> If Q202=1 | B51: =B46+1 -> 208 | C51: How many different localities has your household been living in since the start of the conflict (April 2023)? | E51: Number | F51: العدد | H51: كم عدد المناطق المختلفة التي عاشت فيها أسرتك منذ عام ؟ هذا لأكثر من ثلاثة أشهر في كل مرة. | J51: >=1
B53: =B51+1 -> 209 | C53: Why did your household choose the most recent/current place of displacement? | D53: I did not have a choice | E53: 1 | G53: لم يكن لدي خيار | H53: لماذا اختارت أسرتك مكان النزوح الأحدث / الحالي؟
A54: =CONCATENATE("If Q",B14,"=1") -> If Q202=1 | D54: I had friends and family here/there | E54: 2 | G54: كان لدي أصدقاء وعائلة هنا / هناك
D55: There are better livelihood opportunities | E55: 3 | G55: هناك فرص أفضل لكسب العيش
D56: It is our hometown | E56: 4 | G56: إنها مسقط رأسنا
D57: It was the closest safe place | E57: 5 | G57: كان أقرب مكان آمن
D58: Better education for children | E58: 6 | G58: تعليم أفضل للأطفال
D59: NGO or other organization chose this place | E59: 7 | G59: اختارت منظمة غير حكومية أو منظمة أخرى هذا المكان
D60: Other (Specify) | E60: 8 | G60: أخرى (يرجى التحديد)
B62: =B53+1 -> 210 | C62: Are you registered with UNHCR? | D62: Yes | E62: 1
D63: No | E63: 2
B65: =B62+1 -> 211 | C65: Why have you not registered with UNHCR? | D65: Unaware of the process | E65: 1
D66: Cost, distance or difficulty of reaching the registration center | E66: 2
D67: Do not trust that data will be kept confidential | E67: 3
D68: See no benefit in registration | E68: 4
D69: Waiting for registration | E69: 5
D70: Not eligible | E70: 6
D71: Other (specify) | E71: 7
B73: =B65+1 -> 212 | C73: Did your household host anyone that had to move because of the conflict? | D73: Yes | E73: 1 | G73: نعم | H73: هل استضافت أسرتك أي شخص اضطر إلى الانتقال بسبب الصراع؟
D74: No | E74: 2 | G74: لا | I74: =CONCATENATE("Skip to Q", B82) -> Skip to Q214
B76: =B73+1 -> 213 | C76: If yes, how did you know these people? | D76: Close family | E76: 1 | G76: المقربين من الاسرة | H76: إذا كانت الإجابة بنعم، كيف عرفت هؤلاء الأشخاص؟
D77: Far relatives | E77: 2 | G77: أقارب بعيدون
D78: Friends | E78: 3 | G78: أصدقاء
D79: Through friends or family | E79: 4 | G79: من خلال الأصدقاء أو العائلة
D80: Did not know them | E80: 5 | G80: لا يعرفهم
B82: =B76+1 -> 214 | C82: Would you or anyone from your household like to migrate from your current location? | D82: Yes, all household members | E82: 1 | G82: نعم، كل أفراد الأسرة | H82: هل ترغب أنت أو أي شخص من أسرتك في الهجرة من موقعك الحالي؟
D83: Yes, some household memebrs | E83: 2 | G83: نعم، بعض أفراد الأسرة
D84: No | E84: 3 | G84: لا

Sheet Assets
A1: 3 | B1: Household assets | G1: =2 -> 2
B3: Does your household own [item]? | N3: -3.01 | R3: =N3-0.01 -> -3.02
N4: How many [ITEM]s does this household own now? | R4: Were these assets destroyed, lost, or robbed because of the violence or displacement?
R8: SP
A9: 1 | B9: Family home | C9: Buildings | D9: Buildings | E9: Buildings | F9: Buildings | G9: Buildings | H9: Buildings | I9: Buildings | J9: Buildings | K9: Buildings | L9: Buildings | M9: Buildings | R9: 1- Yes | T9: 2- No | U9: /__/
A10: =A9+1 -> 2 | B10: Other buildings
A11: =A10+1 -> 3 | B11: Lands | C11: Lands | D11: Lands | E11: Lands | F11: Lands | G11: Lands | H11: Lands | I11: Lands | J11: Lands | K11: Lands | L11: Lands | M11: Lands | U11: /__/
A12: =A11+1 -> 4 | B12: Machinery Equipment/ Tools | C12: Machinery Equipment/ Tools | D12: Machinery Equipment/ Tools | E12: Machinery Equipment/ Tools | F12: Machinery Equipment/ Tools | G12: Machinery Equipment/ Tools | H12: Machinery Equipment/ Tools | I12: Machinery Equipment/ Tools | J12: Machinery Equipment/ Tools | K12: Machinery Equipment/ Tools | L12: Machinery Equipment/ Tools | M12: Machinery Equipment/ Tools | U12: /__/
A13: =A12+1 -> 5 | B13: Motorcycle / Bicycles | C13: Motorcycle / Bicycles | D13: Motorcycle / Bicycles | E13: Motorcycle / Bicycles | F13: Motorcycle / Bicycles | G13: Motorcycle / Bicycles | H13: Motorcycle / Bicycles | I13: Motorcycle / Bicycles | J13: Motorcycle / Bicycles | K13: Motorcycle / Bicycles | L13: Motorcycle / Bicycles | M13: Motorcycle / Bicycles | U13: /__/
A14: =A13+1 -> 6 | B14: Truck/pickup | C14: Truck/pickup | D14: Truck/pickup | E14: Truck/pickup | F14: Truck/pickup | G14: Truck/pickup | H14: Truck/pickup | I14: Truck/pickup | J14: Truck/pickup | K14: Truck/pickup | L14: Truck/pickup | M14: Truck/pickup | U14: /__/
A15: =A14+1 -> 7 | B15: Cars | C15: Cars | D15: Cars | E15: Cars | F15: Cars | G15: Cars | H15: Cars | I15: Cars | J15: Cars | K15: Cars | L15: Cars | M15: Cars | U15: /__/
A16: =A15+1 -> 8 | B16: Boats | C16: Boats | D16: Boats | E16: Boats | F16: Boats | G16: Boats | H16: Boats | I16: Boats | J16: Boats | K16: Boats | L16: Boats | M16: Boats | U16: /__/
A17: =A16+1 -> 9 | B17: Animal-drawn cart | C17: Animal-drawn cart | D17: Animal-drawn cart | E17: Animal-drawn cart | F17: Animal-drawn cart | G17: Animal-drawn cart | H17: Animal-drawn cart | I17: Animal-drawn cart | J17: Animal-drawn cart | K17: Animal-drawn cart | L17: Animal-drawn cart | M17: Animal-drawn cart | U17: /__/
A18: =A17+1 -> 10 | B18: Livestock | C18: Other vehicles | D18: Other vehicles | E18: Other vehicles | F18: Other vehicles | G18: Other vehicles | H18: Other vehicles | I18: Other vehicles | J18: Other vehicles | K18: Other vehicles | L18: Other vehicles | M18: Other vehicles | U18: /__/

Sheet Food Security
B1: 4. Food Security and Water | F1: Needs revision | G1: =COUNT(B6:B65)+1 -> 15
C3: =2+2 -> 4
A4: Relevance | B4: Q no | C4: Question | D4: Options | E4: Code
B6: =401 -> 401 | C6: Over the last 3 months, has household income been enough to cover food costs so that no family member has to go hungry at the end of the day? | D6: Yes, absolutely | E6: 1 | F6: على مدى الأشهر الثلاثة الماضية، هل كان دخل الأسرة كافياً لتغطية تكاليف الطعام حتى لا يعاني أي فرد من أفراد الأسرة من الجوع في نهاية اليوم؟ | G6: نعم بالتاكيد
D7: Yes, somewhat | E7: 2 | G7: نعم إلى حد ما
D8: No, not realy | E8: 3 | G8: لا ليس بالفعل
D9: Not at all | E9: 4 | G9: كلا على الاطلاق
B12: =B6+1 -> 402 | C12: Have you received food supplies or assistance from external entities? | D12: Yes | E12: 1
D13: No | E13: 2 | H13: =CONCATENATE("Skip to", " ",B25) -> Skip to 405
B15: =B12+1 -> 403 | C15: When did you last receive food assistance? If never received food assistance, skip to sQ405 (Food Sources) | D15: Never received food assistance | E15: 1 | F15: لم يتلق أي مساعدات غذائية
A16: =CONCATENATE("If", " ", B12,"=1") -> If 402=1 | D16: Less than a month ago | E16: 2 | F16: قبل أقل من شهر
D17: Between 1 and 3 months ago | E17: 3 | F17: قبل شهر إلى ثلاثة أشهر
D18: More than 3 months ago | E18: 4 | F18: قبل أكثر من ثلاثة أشهر
B20: =B15+1 -> 404 | C20: In which form did you receive food assistance? (Check all that apply) | D20: In-kind | E20: 1 | F20: عيني
D21: Cash | E21: 2 | F21: نقدي
D22: Vouchers | E22: 3 | F22: قسائم او كوبونات
F24: Food source codes | I24: رموز مصادر الغذاء | L24: مصدر الغذاء الرئيسي: من أين تحصل على طعامك بشكل أساسي؟
B25: =B20+1 -> 405 | C25: Main food source: Where do you primarily get your food from? | F25: 1 = Own production (crops, animals) | I25: الإنتاج الذاتي (محاصيل، حيوانات) | L25: (أدخل الرمز من القائمة أدناه)
C26: (Insert code from the list below) | F26: 2 = Fishing / Hunting | I26: الصيد / القنص
F27: 3 = Gathering | I27: التجميع
F28: 4 = Loan | I28: القرض
F29: 5 = Market (purchase on cash) | I29: السوق (شراء نقدًا)
F30: 6 = Market (purchase on credit) | I30: السوق (شراء بالائتمان)
F31: 7 = Beg for food | I31: التسول للحصول على الطعام
F32: 8 = Exchange labor or items for food | I32: تبادل العمل أو الأشياء مقابل الطعام
F33: 9 = Gift (food) from family/relatives | I33: هدية (طعام) من العائلة / الأقارب
F34: 10= Food aid (NGOs, WFP) | I34: المساعدة الغذائية (منظمات غير حكومية، برنامج الأغذية العالمي)
C35: Section 3: Food Consumption (Past 7 days) For the following questions, please indicate the number of days your household consumed the specified food items in the past 7 days: | L35: القسم ٣: استهلاك الطعام (الـ٧ أيام الماضية) بالنسبة للأسئلة التالية، يرجى الإشارة إلى عدد الأيام التي استهلكت فيها أسرتك المواد الغذائية المحددة في الأيام الـ٧ الماضية:
B36: =B25+1 -> 406 | C36: Main staple starches, including cereals, grains, tubers and/or roots (such as potatoes, rice, pasta, bread, wheat flour, or other grains/cereals) | E36: Days | J36: الايام | L36: البقوليات، والمكسرات، و/أو البذور (بما في ذلك الفول، الفاصوليا، البازلاء، الفول السوداني، العدس أو غيرها)
B37: =B36+1 -> 407 | C37: Pulses, nuts, and/or seeds (Including beans, fava bean, peas, peanuts, lentils or others) | E37: Days | J37: الايام | L37: البقوليات، والمكسرات، و/أو البذور (بما في ذلك الفاصوليا، الفول، البازلاء، الفول السوداني، العدس أو غيرها)
B39: =B37+1 -> 408 | C39: Vegetables and/or leaves (including carrots, tomatoes, cucumbers, red peppers, pumpkin, kale, jarjir, onions, broccoli, spinach, lettuce or other vegetables) | E39: Days | J39: الايام | L39: الخضروات و/أو الأوراق (بما في ذلك الجزر، الطماطم، الخيار، الفلفل الأحمر، القرع، الكالي، الجرجير، البصل، البروكلي، السبانخ، الخس أو غيرها من الخضروات)
B41: =B39+1 -> 409 | C41: Fruits (including citrus fruits such as oranges and limes, apricots, apples, dates, tangerine and other fruits) | E41: Days | J41: الايام | L41: الفواكه (بما في ذلك الفواكه الحمضية مثل البرتقال والليمون، والمشمش، والتفاح، والتمور، واليوسفي وغيرها من الفواكه)
B43: =B41+1 -> 410 | C43: Meat, eggs and/or fish or other seafood as a main dish, so not as a condiment | E43: Days | L43: اللحوم، البيض و/أو الأسماك أو المأكولات البحرية الأخرى كطبق رئيسي، وليس كمُكمل غذائي
B45: =B43+1 -> 411 | C45: In the past 7 days, how many days did your household consume a substantial amount of milk (powdered or fresh) or other dairy products (including yogurt/Kefir, cheese, curd, condensed milk, sour cream or others)? (Excluding butter) | E45: Days | J45: الايام | L45: في الأيام الـ7 الماضية، كم عدد الأيام التي استهلكت فيها أسرتك كمية كبيرة من الحليب (مسحوق أو طازج) أو منتجات الألبان الأخرى (بما في ذلك الزبادي/الكفير، الجبن، اللبن الرائب، الحليب المكثف، الكريمة الحامضة أو غيرها)؟ (باستثناء الزبدة)
B47: =B45+1 -> 412 | C47: In the past 7 days, how many days did your household eat oil, fat or butter? (Including vegetable oil, palm oil, margarine, other fats / oil) | E47: Days | L47: في الأيام الـ7 الماضية، كم عدد الأيام التي استهلكت فيها أسرتك الزيت، أو الدهن، أو الزبدة؟ (بما في ذلك زيت النبات، زيت النخيل، السمن، أو الدهون/الزيوت الأخرى
B49: =B47+1 -> 413 | C49: In the past 7 days, how many days did your household consumed sugar or sweets? (Sugar, honey, jam, cakes, candy, cookies, sugary drinks, other) | E49: Days | J49: الايام | L49: في الأيام الـ7 الماضية، كم عدد الأيام التي استهلكت فيها أسرتك السكر أو الحلويات؟ (السكر، العسل، المربى، الكعك، الحلوى، البسكويت، المشروبات السكرية، أو غيرها
B51: =B49+1 -> 414 | C51: 414 a- During the past 30 days, did anyone in your household have to engage in any following actions due to a lack of food or a lack of money to buy food? | D51: CODE | F51: 414 b- If no, why?
F52: 1 = No, because it wasn't necessary
D53: 1= Yes | F53: 2 = No, because I already aplied this strategy i.e (read strategy... ) and I cannot continue to do
D54: 2= No | F54: 3 = N.A. (I did not have animals/Assets in the first place; Not socially acceptable)
D55: 3 = Don't know | F55: 4 = Other (to be precised).
D56: CODE | F56: CODE
C57: 1. Sold household assets/goods (radio, furniture, refrigerator, television, jewelry etc.) | D57: /__/ | F57: /__/
C58: 2. Reduced non-food expenses on health (including drugs) and education | D58: /__/ | F58: /__/
C59: 3. Sold productive assets or means of transport (sewing machine, wheelbarrow, bicycle, car, etc.) | D59: /__/ | F59: /__/
C60: 4. Spent savings | D60: /__/ | F60: /__/
C61: 5. Borrowed money / food from a formal lender / bank | D61: /__/ | F61: /__/
C62: 6. Sold house or land | D62: /__/ | F62: /__/
C63: 7. Withdrew children from school | D63: /__/ | F63: /__/
C64: 8. Begging | D64: /__/ | F64: /__/
C65: 9. Sold more animals (non-productive) than usual | D65: /__/ | F65: /__/

Sheet MentalHealth
A1: =1+2 -> 3 | B1: 5. Mental health - to be administered to one male and one female in the household | G1: =COUNT(B7:B124) -> 22
A2: Relevance | B2: Q no | C2: Question | D2: Options | E2: Code | F2: Code (Arabic) | G2: Options (Arabic) | H2: Question (Arabic) | I2: Skip | J2: Constraint | K2: Description for enumerators
C3: Each item has to be ask and has to be answered with the help of the "Options" | H3: يجب طرح كل عنصر ويجب الإجابة عليه بمساعدة "الخيارات
A4: If respondent is different from section 1 | C4: [See IC script] | K4: Each item has to be ask and has to be answered with the help of the "answer choices"
C6: Introduction : We understand that many people in Sudan have experienced difficult and challenging situations due to ongoing conflicts, displacement, and other hardships. Your experiences and feelings are important, and we appreciate your willingness to share them.I would like to ask you about your feelings and experiences over the past month. Please remember that we can stop or pause the interview at any time if you feel uncomfortable. Your responses will help us understand how we can better support people in situations like yours | H6: الآن، أود أن أسألك بعض الأسئلة حول صحتك العقلية، أي حول مشاعرك الحالية وخلال الأسابيع القليلة الماضية. لذلك، أود أن أسأل هل أنت في مكان هادئ أكثر أم أقل حيث يمكنك الإجابة على الأسئلة بخصوصية؟ إذا كانت الإجابة نعم، فالرجاء الاستمرار في الأسئلة التالية. إذا كانت الإجابة لا، "هل يمكنك الذهاب إلى مكان قريب الآن حيث يمكنك الحصول على بعض الخصوصية؟ إذا لم يكن ذلك ممكنًا، سنحاول الحفاظ على قدر كبير من الخصوصية." يمكنك قراءة الإجابات والشخص يُعطي إجابة مختصرة من "الخيارات"، مثل "معتدل". "خلال العشر دقائق القادمة، أود أن أبدأ في طرح بعض الأسئلة حول الأحداث المحتملة التي قد تكون مؤدية للإجهاد وتأثيرها على صحتك.
C7: Depression (PHQ-9) | H7: الاكتئاب (PHQ-9)
C8: Over the last 2 weeks, how often have you been bothered by any of the following problems? | H8: خلال الأسبوعين الماضيين، كم مرة انزعجت من أي من المشاكل التالية؟
B9: 501 | C9: Little interest or pleasure in doing things | D9: Not at all | E9: 0 | F9: 0 | G9: ليس على الإطلاق | H9: قلة الاهتمام أو قلة الاستمتاع بممارسة بالقيام بأي عمل؟
D10: Several days | E10: 1 | F10: 1 | G10: عدة أيام
D11: More than half the days | E11: 2 | F11: 2 | G11: أكثر من نصف الأيام
D12: Nearly every day | E12: 3 | F12: 3 | G12: تقريبًا كل يوم
B14: =B9+1 -> 502 | C14: Feeling down, depressed, or hopeless (also only one answer is possible for all three feelings. If the respondend only experience one or more feelings is not important. The respondend has to give ONE answer in total for this question, although three feelings are named) | D14: Not at all | E14: 0 | F14: 0 | G14: ليس على الإطلاق | H14: الشعور بالحزن أو ضيق الصدر أو اليأس؟ (أيضًا، يمكن إعطاء إجابة واحدة فقط لجميع الأعمال الثلاثة. إذا كان المستجيب يشعر بمشاعر واحدة أو أكثر، فذلك غير مهم. يجب على المستجيب إعطاء إجابة واحدة فقط في مجموع لهذا السؤال، على الرغم من تسمية ثلاثة مشاعر.)
D15: Several days | E15: 1 | F15: 1 | G15: عدة أيام
D16: More than half the days | E16: 2 | F16: 2 | G16: أكثر من نصف الأيام
D17: Nearly every day | E17: 3 | F17: 3 | G17: تقريبًا كل يوم
B19: =B14+1 -> 503 | C19: Trouble falling or staying asleep, or sleeping too much (also only one answer is possible for all three aspects. If the respondend only experience one or more aspect is not important. The respondend has to give ONE answer in total for this question, although three feelings are named) | D19: Not at all | E19: 0 | F19: 0 | G19: ليس على الإطلاق | H19: صعوبة في النوم أو نوم متقطع أو النوم أآثر من المعتاد؟ (أيضًا، يمكن إعطاء إجابة واحدة فقط لجميع الجوانب الثلاثة. إذا كان المستجيب يشعر بجانب واحد أو أكثر، فذلك غير مهم. يجب على المستجيب إعطاء إجابة واحدة فقط في مجموع لهذا السؤال، على الرغم من تسمية ثلاثة جوانب.)
D20: Several days | E20: 1 | F20: 1 | G20: عدة أيام
D21: More than half the days | E21: 2 | F21: 2 | G21: أكثر من نصف الأيام
D22: Nearly every day | E22: 3 | F22: 3 | G22: تقريبًا كل يوم
B24: =B19+1 -> 504 | C24: Feeling tired or having little energy (also only one answer is possible for all three aspects. If the respondend only experience one or more aspect is not important. The respondend has to give ONE answer in total for this question, although three feelings are named) | D24: Not at all | E24: 0 | F24: 0 | G24: ليس على الإطلاق | H24: الشعور بالتعب أو بامتلاك القليل جداً من الطاقة؟ (أيضًا، يمكن إعطاء إجابة واحدة فقط لجميع الجوانب الثلاثة. إذا كان المستجيب يشعر بجانب واحد أو أكثر، فذلك غير مهم. يجب على المستجيب إعطاء إجابة واحدة فقط في مجموع لهذا السؤال، على الرغم من تسمية ثلاثة جوانب.)
D25: Several days | E25: 1 | F25: 1 | G25: عدة أيام
D26: More than half the days | E26: 2 | F26: 2 | G26: أكثر من نصف الأيام
D27: Nearly every day | E27: 3 | F27: 3 | G27: تقريبًا كل يوم
B29: =B24+1 -> 505 | C29: Poor appetite or overeating (for depression, it could be either poor appetite or overeating. Both are symptoms for depression) | D29: Not at all | E29: 0 | F29: 0 | G29: ليس على الإطلاق | H29: قلة الشهية أو الزيادة في تناول الطعام عن المعتاد؟ (بالنسبة للاكتئاب، يمكن أن يكون إما فقدان الشهية أو الأكل المفرط. كليهما أعراض للاكتئاب.)
D30: Several days | E30: 1 | F30: 1 | G30: عدة أيام
D31: More than half the days | E31: 2 | F31: 2 | G31: أكثر من نصف الأيام
D32: Nearly every day | E32: 3 | F32: 3 | G32: تقريبًا كل يوم
B34: =B29+1 -> 506 | C34: Feeling bad about yourself, or that you are a failure, or that you have let yourself or your family down (also only one answer is possible for all three aspects. If the respondend only experience one or more aspect is not important. The respondend has to give ONE answer in total for this question, although three feelings are named) | D34: Not at all | E34: 0 | F34: 0 | G34: ليس على الإطلاق | H34: الشعور بعدم الرضا عن النفس أو الشعور بأنك قد أخذلت نفسك أو عائلتك؟ (أيضًا، يمكن إعطاء إجابة واحدة فقط لجميع الجوانب الثلاثة. إذا كان المستجيب يشعر بجانب واحد أو أكثر، فذلك غير مهم. يجب على المستجيب إعطاء إجابة واحدة فقط في مجموع لهذا السؤال، على الرغم من تسمية ثلاثة جوانب.)
D35: Several days | E35: 1 | F35: 1 | G35: عدة أيام
D36: More than half the days | E36: 2 | F36: 2 | G36: أكثر من نصف الأيام
D37: Nearly every day | E37: 3 | F37: 3 | G37: تقريبًا كل يوم
B39: =B34+1 -> 507 | C39: Trouble concentrating on things, such as reading the newspaper or watching television | D39: Not at all | E39: 0 | F39: 0 | G39: ليس على الإطلاق | H39: صعوبة في التركيز مثلاً أثناء قراءة الصحيفة أو مشاهدة التلفزيون؟
D40: Several days | E40: 1 | F40: 1 | G40: عدة أيام
D41: More than half the days | E41: 2 | F41: 2 | G41: أكثر من نصف الأيام
D42: Nearly every day | E42: 3 | F42: 3 | G42: تقريبًا كل يوم
B44: =B39+1 -> 508 | C44: Moving or speaking so slowly that other people could have noticed? Or the opposite, being so fidgety or restless that you have been moving around a lot more than usual. Both are symptoms for depression) | D44: Not at all | E44: 0 | F44: 0 | G44: ليس على الإطلاق | H44: بطء في الحركة أو بطء في التحدث عما هو معتاد لدرجة ملحوظة من الآخرين / أو على العكس من ذلك التحدث بسرعة ووكثرة الحركة أكثر من المعتاد؟ كليهما عرضين للاكتئاب.
D45: Several days | E45: 1 | F45: 1 | G45: عدة أيام
D46: More than half the days | E46: 2 | F46: 2 | G46: أكثر من نصف الأيام
D47: Nearly every day | E47: 3 | F47: 3 | G47: تقريبًا كل يوم
A49: If any PHQ > 0 | B49: =B44+1 -> 509 | C49: How difficult have these problems made it for you to do your work, take care of things at home, or get along with other people? | D49: Not difficult at all | E49: 0 | F49: 0 | G49: ليست هناك أي صعوبة | H49: ما مدى صعوبة قيامك بعملك، أو الاعتناء بأشياء في المنزل، أو الانسجام مع الآخرين؟
D50: Somewhat difficult | E50: 1 | F50: 1 | G50: هناك بعض الصعوبات
D51: Very difficult | E51: 2 | F51: 2 | G51: هناك صعوبات شديدة
D52: Extremely difficult | E52: 3 | F52: 3 | G52: هناك صعوبات بالغة التعقيد
C53: Thank you so much for your honesty. I can imagine that it is not easy to answer all these questions. So I thank you very much for taking the time. Some more questions to go. For the next 5 questions I would like to ask you about anxiety. Again, you do not have to answer everything and you can stop at any time. is it ok to continue? | H53: شكرًا جزيلاً على صدقك. يمكنني تخيل أنه ليس من السهل الإجابة على جميع هذه الأسئلة. لذلك، أشكرك كثيرًا على وقتك وتعاونك. لدي بعض الأسئلة الإضافية والتي تتعلق بالقلق. مرة أخرى، ليس عليك الإجابة على كل شيء ويمكنك التوقف في أي وقت. هل من الممكن متابعة الآن؟
C54: Anxiety (GAD-7) | H54: القلق (GAD-7)
C55: Over the last 2 weeks, how often have you been bothered by any of the following problems? The next questions are also refering to their daily life and not refering to any traumatic or stressfull event. | H55: خلال الأسبوعين الماضيين، كم مرة أقلقتك المشاكل التّالية؟ الأسئلة القادمة أيضًا تشير إلى حياتهم اليومية ولا تشير إلى أي حادث مؤلم أو مجهد.
B56: =B49+1 -> 510 | C56: Feeling nervous, anxious or on edge (also only one answer is possible for all three aspects. If the respondend only experience one or more aspect is not important. The respondend has to give ONE answer in total for this question, although three feelings are named) | D56: Not at all | E56: 0 | F56: 0 | G56: ليس على الإطلاق | H56: الشعور بالغضب أو القلق أو الانفعال الشديد؟ (أيضًا، يمكن إعطاء إجابة واحدة فقط لجميع الجوانب الثلاثة. إذا كان المستجيب يشعر بجانب واحد أو أكثر، فذلك غير مهم. يجب على المستجيب إعطاء إجابة واحدة فقط في مجموع لهذا السؤال، على الرغم من تسمية ثلاثة جوانب.)
D57: Several days | E57: 1 | F57: 1 | G57: عدة أيام
D58: More than half the days | E58: 2 | F58: 2 | G58: أكثر من نصف الأيام
D59: Nearly every day | E59: 3 | F59: 3 | G59: تقريبًا كل يوم
B61: =B56+1 -> 511 | C61: Not being able to stop or control worrying (also only one answer is possible for all three aspects. If the respondend only experience one or more aspect is not important. The respondend has to give ONE answer in total for this question, although three feelings are named) | D61: Not at all | E61: 0 | F61: 0 | G61: أبداً | H61: عدم القدرة على إنهاء القلق أو التحكّم فيه؟ (أيضًا، يمكن إعطاء إجابة واحدة فقط لجميع الجوانب الثلاثة. إذا كان المستجيب يشعر بجانب واحد أو أكثر، فذلك غير مهم. يجب على المستجيب إعطاء إجابة واحدة فقط في مجموع لهذا السؤال، على الرغم من تسمية ثلاثة جوانب.)
D62: Several days | E62: 1 | F62: 1 | G62: بعض الأيام
D63: More than half the days | E63: 2 | F63: 2 | G63: أكثر من نصف الأيام
D64: Nearly every day | E64: 3 | F64: 3 | G64: كل يوم تقريباً
B66: =B61+1 -> 512 | C66: Worrying too much about different things | D66: Not at all | E66: 0 | F66: 0 | G66: أبداً | H66: القلق المفرط على أشياء مختلفة؟
D67: Several days | E67: 1 | F67: 1 | G67: بعض الأيام
D68: More than half the days | E68: 2 | F68: 2 | G68: أكثر من نصف الأيام
D69: Nearly every day | E69: 3 | F69: 3 | G69: كل يوم تقريباً
B71: =B66+1 -> 513 | C71: Trouble relaxing | D71: Not at all | E71: 0 | F71: 0 | G71: أبداً | H71: الصعوبة في الاسترخاء؟
D72: Several days | E72: 1 | F72: 1 | G72: بعض الأيام
D73: More than half the days | E73: 2 | F73: 2 | G73: أكثر من نصف الأيام
D74: Nearly every day | E74: 3 | F74: 3 | G74: كل يوم تقريباً
B76: =B71+1 -> 514 | C76: Being so restless that it is hard to sit still | D76: Not at all | E76: 0 | F76: 0 | G76: أبداً | H76: شدة الاضطراب لدرجة صعوبة أنت تبقى هاديء ؟
D77: Several days | E77: 1 | F77: 1 | G77: بعض الأيام
D78: More than half the days | E78: 2 | F78: 2 | G78: أكثر من نصف الأيام
D79: Nearly every day | E79: 3 | F79: 3 | G79: كل يوم تقريباً
B81: =B76+1 -> 515 | C81: Becoming easily annoyed or irritable | D81: Not at all | E81: 0 | F81: 0 | G81: أبداً | H81: السرعة في الانزعاج أو الانفعال؟
D82: Several days | E82: 1 | F82: 1 | G82: بعض الأيام
D83: More than half the days | E83: 2 | F83: 2 | G83: أكثر من نصف الأيام
D84: Nearly every day | E84: 3 | F84: 3 | G84: كل يوم تقريباً
B86: =B81+1 -> 516 | C86: Feeling afraid as if something awful might happen | D86: Not at all | E86: 0 | F86: 0 | G86: أبداً | H86: الشّعور بالخوف كأن شيئا فضيعا قد يحدث؟
D87: Several days | E87: 1 | F87: 1 | G87: بعض الأيام
D88: More than half the days | E88: 2 | F88: 2 | G88: أكثر من نصف الأيام
D89: Nearly every day | E89: 3 | F89: 3 | G89: كل يوم تقريباً
C90: Thank you so much. I asked you a lot of questions regarding your feelings and thoughts and emotions. For the next three questions, I would like to know if you already sought help for mental problems in the past or right now. | H90: شكرًا جزيلاً. طرحت عليك الكثير من الأسئلة حول مشاعرك وأفكارك وعواطفك. بالنسبة للأسئلة القادمة (8-9 سؤال)، أود معرفة ما إذا كنت قد طلبت بالفعل المساعدة لمشاكل نفسية في الماضي أو الآن.
C91: Use of (psychological) treatment | H91: استخدام العلاج (النفسي)
B92: =B86+1 -> 517 | C92: Have you ever received treatment for any of these symptoms I've asked about in the past 12 months? | D92: Yes | E92: 1 | F92: 1 | G92: نعم | H92: هل سبق لك أن تلقيت علاجًا لأي من هذه الأعراض التي سألت عنها؟
D93: No | E93: 0 | F93: 0 | G93: لا | I93: =CONCATENATE("Skip to Q",#REF!) -> #REF!
B95: =B92+1 -> 518 | C95: What type of treatment did you receive? | D95: Medications | E95: 1 | F95: 1 | G95: أدوية | H95: ما نوع العلاج الذي تلقيته؟
D96: Counseling | E96: 2 | F96: 2 | G96: استشارة
D97: Other | E97: 3 | F97: 3 | G97: اخرى
B99: =B95+1 -> 519 | C99: In the past 12 months, have you faced any difficulties getting access to medications for these symptoms? | D99: Yes | E99: 0 | F99: 0 | G99: نعم | H99: خلال الـ 12 شهرًا الماضية، هل واجهت أي صعوبات في الحصول على الأدوية لهذه الأعراض؟
D100: No | E100: 1 | F100: 1 | G100: لا
C102: Thank you. Now I would like to end the questionnaire with 3 questions about potential resources. | H102: شكرًا لك. الآن أود أن أنهي الاستبيان بثلاثة أسئلة حول الموارد المحتملة.
C103: Oslo social support scale-3 | H103: مقياس أسلو دعم الشبكة الاجتماعية -3
B104: =B99+1 -> 520 | C104: How many people are so close to you that you can count on them if you have great personal problems? | D104: None | E104: 0 | F104: 0 | G104: لا أحد | H104: كم عدد الأشخاص المقربين منك بحيث يمكنك الاعتماد عليهم إذا كانت لديك مشاكل شخصية كبيرة؟
D105: 1-2 | E105: 1 | F105: 1 | G105: 1-2
D106: 3-5 | E106: 3 | F106: 3 | G106: 3-5
D107: 5+ | E107: 5 | F107: 5 | G107: 5+
B109: =B104+1 -> 521 | C109: How much interest and concern do people show in what you do? | D109: none | E109: 0 | F109: 0 | G109: لا شيء | H109: ما مدى الاهتمام والاهتمام الذي يظهره الناس فيما تفعله؟
D110: little | E110: 1 | F110: 1 | G110: قليل
D111: uncertain | E111: 2 | F111: 2 | G111: غير متأكد
D112: some | E112: 3 | F112: 3 | G112: بعض
D113: a lot | E113: 4 | F113: 4 | G113: كثير
B115: =B109+1 -> 522 | C115: How easy is it to get practical help from neighbors if you should need it? | D115: very difficult | E115: 1 | F115: 1 | G115: صعب جدًا | H115: ما مدى سهولة الحصول على مساعدة عملية من الجيران إذا كنت في حاجة إليها؟
D116: diffcult | E116: 2 | F116: 2 | G116: صعب
D117: possible | E117: 3 | F117: 3 | G117: ممكن
D118: easy | E118: 4 | F118: 4 | G118: سهل
D119: very easy | E119: 5 | F119: 5 | G119: سهل جدًا
C121: Those are all my questions. Many thanks for your time and sharing your experience. | H121: هذه كل أسئلتي. شكراً جزيلاً على وقتكم ومشاركة تجربتكم.
...

Sheet Trust
B1: 7. Trust | G1: =COUNT(B5:B59) -> 10
A3: Relevance | B3: Q no | C3: Question | D3: Options | E3: Code
C4: INTERPERSONAL TRUST
A5: Note | B5: 701 | C5: After the outbreak of the April 2023 war, do you think most people… | D5: would try to take financial advantage of you if they got a chance | E5: 1 | F5: If 2,9 skip to Q703
D6: would try to be fair despite the circumstances | E6: 2
D7: have mixed behavior (sometimes they take advantage and sometimes they try to be fair) | E7: 3
D8: no answer/refuse to answer | E8: 9
B9: =B5+1 -> 702 | C9: In which services in particular would people take advantage of others | D9: providing a place for rent/shelter | E9: 1
D10: transport services | E10: 2
D11: purchasing food products | E11: 3
D12: purchasing nonfood products | E12: 4
D13: employment wages | E13: 5
D14: providing safety and security services | E14: 6
D15: other, please specify (………) | E15: 96
B16: =B9+1 -> 703 | C16: After the outbreak of the April 2023 war, would you say that most of the time people… | D16: try to help others | E16: 1
D17: just look out after themselves | E17: 2
D18: have mixed behavior (sometimes they help others and sometimes they only look after themselves) | E18: 3
D19: no answer/refuse to answer | E19: 9
B20: =B16+1 -> 704 | C20: After the outbreak of the April 2023 war, would you say that most of the time people… | D20: share accurate information | E20: 1
D21: share wrong information | E21: 2
D22: have mixed behavior (sometimes they share accurate information and sometimes they share wrong information) | E22: 3
D23: no answer/refuse to answer | E23: 9
C24: TRUST IN INSTITUTIONS
B25: =B20+1 -> 705 | C25: How much confidence do you have in the ability of the leadership and federal government to manage the humanitarian crisis unfolding from the ongoing war? | D25: full confidence | E25: 1
D26: great confidence | E26: 2
D27: some confidence | E27: 3
D28: weak confidence | E28: 4
D29: no confidence at all | E29: 5
D30: no answer/refuse to answer | E30: 9
B31: =B25+1 -> 706 | C31: Do you think state and localities authorities are trustworthy to provide services? | D31: all services | E31: 1 | F31: If 3,9 skip to Q708
D32: some services | E32: 2
D33: no services | E33: 3
D34: no answer/refuse to answer | E34: 9
B35: =B31+1 -> 707 | C35: Which services do you trust state and localities authorities to provide? ((multiple answer option permitted) | D35: shelter | E35: 1
D36: basic health services | E36: 2
D37: control of disease outbreak | E37: 3
D38: emergency food supply | E38: 4
D39: security | E39: 5
D40: other, please specify | E40: 96
B41: =B35+1 -> 708 | C41: To the extent of your knowledge, which organizations have supported the mitigating the crises unfolding from the conflict or complemented the efforts of states and local authorities? (multiple answer option permitted) | D41: government organizations | E41: 1
D42: civil society organization | E42: 2
D43: religious groups | E43: 3
D44: neighborhoods committees | E44: 4
D45: international organizations and agencies | E45: 5
D46: no answer/refuse to answer | E46: 9
B47: =B41+1 -> 709 | C47: How much confidence do you have in the media (national, international, or social media) to provide accurate information? | D47: full confidence | E47: 1
D48: great confidence | E48: 2
D49: average confidence | E49: 3
D50: weak confidence | E50: 4
D51: no confidence at all | E51: 5
D52: no answer/refuse to answer | E52: 9
B53: =B47+1 -> 710 | C53: Which media channel provide/might provide accurate news? | D53: national TV | E53: 1
D54: other national TV channels | E54: 2
D55: radio | E55: 3
D56: regional TV channels | E56: 4
D57: international TV channels | E57: 5
D58: social media | E58: 6
D59: other, please specify | E59: 96

Sheet CopingStrategies
B1: 4. Coping Strategies | D1: =1+1 -> 2 | G1: =COUNT(B7:B75) -> 14
A2: Relevance | B2: Q no | C2: Question | D2: Options | E2: Code | F2: Code | G2: Options (Arabic) | H2: Question (Arabic) | I2: Skip | J2: Constraint
C4: I would like to ask you about your household's income sources. | H4: أود أن أسألك عن مصادر دخل أسرتك.
B7: =401 -> 401 | C7: Can you tell me whether your household relies on any of the following as an income source over the last 3 months? | D7: Wages | E7: 1 | G7: أجور | H7: هل يمكن أن تخبرني ما إذا كانت أسرتك تعتمد على أي مما يلي كمصدر دخل خلال الأشهر الثلاثة الماضية؟
D8: Profit from non-household based enterprise | E8: 2 | G8: الربح من المشاريع غير المنزلية
D9: Sale of food crops | E9: 3 | G9: بيع المحاصيل الغذائية
D10: Sale of livestock/animal products | E10: 4 | G10: بيع المواشي / المنتجات الحيوانية
D11: Sale of other goods or profit from other household based enterprise (Qat, handicrafts, meals, vegetables, internet services) | E11: 5 | G11: بيع سلع أخرى أو ربح من مشاريع منزلية أخرى (القات، والحرف اليدوية، والوجبات، والخضروات، وخدمات الإنترنت)
D12: Cash transfers from NGOs or other agencies | E12: 6 | G12: التحويلات النقدية من المنظمات غير الحكومية أو الوكالات الأخرى
D13: In-kind support including food assistance from NGOs or other agencies | E13: 7 | G13: الدعم العيني بما في ذلك المساعدات الغذائية من المنظمات غير الحكومية أو الوكالات الأخرى
D14: International remittances | E14: 8 | G14: التحويلات الدولية | I14: =CONCATENATE("Skip to ",B25) -> Skip to 402
D15: National remittances | E15: 9 | G15: التحويلات الوطنية
D16: Renting of land, buildings or machinery | E16: 10 | G16: تأجير الأراضي أو المباني أو الآلات
D17: Support from family or friends | E17: 11 | G17: دعم من العائلة أو الأصدقاء
D18: Pensions | E18: 12 | G18: المعاشات
D19: Other social benefits | E19: 13 | G19: الفوائد الاجتماعية الأخرى
D20: Begging | E20: 14 | G20: التسول
D21: Regular government salary | E21: 15 | G21: راتب حكومي منتظم
D22: Irregular government salary | E22: 16 | G22: راتب حكومي غير منتظم
D23: Other (specify) | E23: 17 | G23: أخرى (حدد)
A25: =CONCATENATE("If Q",B7,"=8") -> If Q401=8 | B25: =B7+1 -> 402 | C25: You mentioned international remittances are a source of household income. Have you seen a reduction in the amount of remittances received in the last 12 months? | D25: Yes | E25: 1 | G25: نعم | H25: لقد ذكرت أن التحويلات الدولية هي مصدر دخل الأسرة. هل لاحظت انخفاضًا في حجم التحويلات التي تم تلقيها في آخر 12 شهرًا؟
D26: No | E26: 2 | G26: لا
C28: Now I would like to ask you about your experience over the last 3 months. | H28: نريد ان نسالك عن كيفية التأقلم مع بعض الظروف على مدار الأشهر الثلاثة الماضية.
B30: =B25+1 -> 403 | C30: During the last 3 months, did your household sell livestock? | D30: Yes | E30: 1 | G30: نعم | H30: خلال الأشهر الثلاثة الماضية ، هل قامت أسرتك ببيع الماشية؟
D31: No | E31: 2 | G31: لا
D32: Did not have any livestock in the last 3 months | E32: 3 | G32: لم يكن لديه أي ماشية في الأشهر الثلاثة الماضية
B33: =B30+1 -> 404 | C33: During the last 3 months, did your household sell productive household items such as a car, sewing machine, or farm equipment? | D33: Yes | E33: 1 | G33: نعم | H33: خلال الأشهر الثلاثة الماضية ، هل قامت أسرتك ببيع أدوات منزلية منتجة مثل السيارة أو ماكينة الخياطة أو معدات المزرعة؟
D34: No | E34: 2 | G34: لا
D35: Did not have any productive items in the last 3 months | E35: 3 | G35: لم يكن لديه أي عناصر منتجة في الأشهر الثلاثة الماضية
B36: =B33+1 -> 405 | C36: During the last 3 months, did your household sell valuable household items such as jewellery, furniture, or khanjar? | D36: Yes | E36: 1 | G36: نعم | H36: خلال الأشهر الثلاثة الماضية ، هل قامت أسرتك ببيع أدوات منزلية ثمينة مثل المجوهرات أو الأثاث أو الخنجر؟
D37: No | E37: 2 | G37: لا
D38: Did not have any valuable items in the last 3 months | E38: 3 | G38: لم يكن لديه أي أشياء ثمينة في الأشهر الثلاثة الماضية
B39: =B36+1 -> 406 | C39: During the last 3 months, did your household sell land? | D39: Yes | E39: 1 | G39: نعم | H39: خلال الأشهر الثلاثة الماضية ، هل قامت أسرتك ببيع الأرض؟
D40: No | E40: 2 | G40: لا
D41: Do not own any land | E41: 3 | G41: لا يملك أرض
B42: =B39+1 -> 407 | C42: During the last 3 months, did your household use your savings? | D42: Yes | E42: 1 | G42: نعم | H42: خلال الأشهر الثلاثة الماضية ، هل استخدمت أسرتك مدخراتك؟
D43: No | E43: 2 | G43: لا
D44: Do not have any savings | E44: 3 | G44: ليس لديه مدخرات
B45: =B42+1 -> 408 | C45: During the last 3 months, did your household purchase essential items on store credit? | D45: Yes | E45: 1 | G45: نعم | H45: خلال الأشهر الثلاثة الماضية، هل قامت أسرتك بشراء المواد الأساسية عن طريق الدين او السلف؟
D46: No | E46: 2 | G46: لا
D47: Not possible to purchase on credit | E47: 3 | G47: لا يمكن الشراء عن طريق الدين او السلف
B48: =B45+1 -> 409 | C48: During the last 3 months, did any children (<15 years old) in the household start working to support the household? You should not include children who have already been working before 3 months | D48: Yes | E48: 1 | G48: نعم | H48: خلال الأشهر الثلاثة الماضية ، هل بدأ اي طفل (اقل من 15 عاما) في الاسره بالعمل لتوفير دعم للأسرة؟ ( يجب ان لا يتم اضافة الاطفال الذين بداو عمل من قبل 3 أشهر).
D49: No | E49: 2 | G49: لا
D50: All children in the household were already working before 3 months | E50: 3 | G50: كان جميع الأطفال في الأسرة يعملون بالفعل قبل 3 أشهر
D51: No children in the household | E51: 4 | G51: لا يوجد أطفال في الأسرة
B52: =B48+1 -> 410 | C52: During the last 3 months, did your household pull some children out of school because you could not afford it? | D52: Yes | E52: 1 | G52: نعم | H52: خلال الأشهر الثلاثة الماضية ، هل أخرجت أسرتك بعض الأطفال من المدرسة؟
D53: No | E53: 2 | G53: لا
D54: All children in the household are out of school | E54: 3 | G54: جميع الأطفال في الأسرة خارج المدرسة
D55: No children in the household | E55: 4 | G55: لا يوجد أطفال في الأسرة
B56: =B52+1 -> 411 | C56: During the last 3 months, did any young girls (<15) in your household get married to ease your household's financial burdens? | D56: Yes | E56: 1 | G56: نعم | H56: خلال الأشهر الثلاثة الماضية ، هل تزوجت أي فتيات صغيرات (أقل من 15 عامًا) في منزلك؟
D57: Yes, but not to ease financial burden | E57: 2 | G57: نعم ، ولكن ليس لتخفيف العبء المالي
D58: No | E58: 3 | G58: لا
D59: No, there are girls under 15 in the household but they are married from before 3 months | E59: 4 | G59: لا، توجد فتيات أقل من 15 عامًا في الأسرة ولكنهن متزوجات قبل سن 3 أشهر
D60: No, there are no girls under 15 in household at all | E60: 5 | G60: لا، لا توجد فتيات أقل من 15 عامًا في المنزل على الإطلاق
B62: =B56+1 -> 412 | C62: During the last 3 months, did anyone in your household undertake high risk work? | D62: Yes | E62: 1 | G62: نعم | H62: خلال الاشهر الثلاثة الماضية، هل قام أي شخص في عائلتك بعمل فيه مخاطر عالية؟
D63: No | E63: 2 | G63: لا
D64: All members that can work were already undertaking high risk work | E64: 3 | G64: كان جميع الأعضاء القادرين على العمل يقومون بالفعل بمخاطر عالية
B66: =B62+1 -> 413 | C66: Did you, or anyone in your household reduce your movements within your neighborhood or village due to safety concerns in the last 6 months? | D66: Yes, absolutely | E66: 1 | G66: نعم بالتاكيد | H66: هل قللت أنت أو أي شخص في أسرتك من تحركاتك داخل منطقتك أو قريتك بسبب مخاوف تتعلق بالسلامة في الأشهر الستة الماضية؟
D67: Yes, somewhat | E67: 2 | G67: نعم إلى حد ما
D68: No, not realy | E68: 3 | G68: لا ليس بالفعل كذلك
D69: Not at all | E69: 4 | G69: كلا على الاطلاق
B71: =B66+1 -> 414 | C71: What about the women in the households? Were their movements in the neighborhood or village restricted in the last 6 months? | D71: Yes, absolutely | E71: 1 | G71: نعم بالتاكيد | H71: ماذا عن النساء في الأسرة؟ هل تم تقييد تحركاتهم في الحي أو القرية خلال الأشهر الستة الماضية؟
D72: Yes, somewhat | E72: 2 | G72: نعم إلى حد ما | I72: Skip to next section
D73: No, not realy | E73: 3 | G73: لا ليس بالفعل | I73: Skip to next section
D74: Not at all | E74: 4 | G74: لا على الاطلاق | I74: Skip to next section
D75: No women in the household | E75: 5 | G75: لا توجد نساء في المنزل
B77: =B71+1 -> 415 | C77: Compared to before the conflict [before April 2023] does your household [INSERT ACTIVITY HERE] more, less, or about the same?
C78: 1 | D78: More
C79: 2 | D79: Less
C80: 3 | D80: Same
C81: 4 | D81: Quit activity
C82: 5 | D82: Not applicable
C83: 88 | D83: Don’t know
C84: 99 | D84: Refuse to answer
C87: 1 | D87: Engage in social networks (groups, community) | E87: /__/__/
C88: 2 | D88: Save money | E88: /__/__/
C89: 3 | D89: Engage in investment | E89: /__/__/
C90: 4 | D90: Borrow money/ ask for loan | E90: /__/__/
C91: 5 | D91: Depend on transfers and assistance (other than money) from gov’t, NGOs, or church | E91: /__/__/
C92: 6 | D92: Grow cash crops | E92: /__/__/
C93: 7 | D93: Raise livestock | E93: /__/__/
C94: 8 | D94: Send children to work | E94: /__/__/
C95: 9 | D95: Migrate for salary (number of times) | E95: /__/__/
C96: 10 | D96: Number of daily meals | E96: /__/__/
C97: 11 | D97: Quality of meals | E97: /__/__/
C98: 12 | D98: Share food | E98: /__/__/
... C102: 16 | D102: Work (part-time vs. full-time) | E102: /__/__/
C103: 17 | D103: Engage in education (efforts)

Sheet Questionnaire breakdown
D1: Count Per Section after revision
B2: Section | C2: # of questions per section | D2: Comments
A3: Demographic Characteristics | B3: Mandatory | C3: ='Demographic characteristics'!G1 -> 11 | D3: The mandatory sections will be asked at every round of data collection. The rotational sections will be admisitered in combination with the mandatory sections for each round. Round 1 - Mandatory sections + Mental Health Round 2 - Mandatory sections + Coping strategies and Trust Round 3 - Round 1 Round 4 - Round 2
A4: Displacement | B4: Mandatory | C4: =Displacement!G1 -> 14
A5: Assets | B5: Mandatory | C5: =Assets!G1 -> 2
A6: Food Security | B6: Mandatory | C6: ='Food Security'!G1 -> 15
A7: Coping Strategies | B7: Rotational | C7: =CopingStrategies!G1 -> 14
A8: Mental Health | B8: Rotational | C8: =MentalHealth!G1 -> 22
A9: Trust | B9: Rotational | C9: =Trust!G1 -> 10
A11: Total | C11: =SUM(C3:C9) -> 88

Sheet Sheet2
